 Dungeon Crawl Stone Soup version 0.25.0-11-g1f837a76a1 (webtiles) character file.

Game seed: 260708586161030576

13 emikaela the Vexing (level 2, 0/18 HPs)
             Began as an Octopode Arcane Marksman on June 25, 2020.
             Succumbed to an adder's poison
             ... on level 2 of the Dungeon.
             The game lasted 00:01:27 (210 turns).

emikaela the Vexing (Octopode Arcane Marksman)       Turns: 210, Time: 00:01:27

Health: 0/18       AC:  1    Str:  8 (9)  XL:     2   Next: 37%
Magic:  1/3        EV: 13    Int: 13 (15) God:
Gold:   49         SH:  0    Dex:  9 (12) Spells: 2/3 levels left

rFire    . . .     SeeInvis .   a - +0 hunting sling
rCold    . . .     Gourm    .   (no shield)
rNeg     . . .     Faith    .   (helmet restricted)
rPois    .         Spirit   .   (no amulet)
rElec    .         Reflect  .   (no ring)
rCorr    .         Harm     .   (no ring)
MR       .....                  (no ring)
Stlth    +++.......             (no ring)
HPRegen  0.06/turn              (no ring)
MPRegen  0.08/turn              (no ring)
                                (no ring)
                                (no ring)

@: lethally poisoned (0 -> -5), flying
A: almost no armour, stealthy swim, amphibious, 8 rings, constrict 8, camouflage
1, gelatinous body 1
a: no special abilities


You were on level 2 of the Dungeon.
You were not hungry.

You visited 1 branch of the dungeon, and saw 2 of its levels.

You collected 49 gold pieces.

Inventory:

Hand Weapons
 a - a +0 hunting sling (weapon)
Missiles
 s - 30 stones
 S - 16 sling bullets (quivered)
Jewellery
 d - an uncursed ring of wizardry {unknown}
Scrolls
 b - 2 scrolls of identify {unknown}
 f - a scroll of teleportation {unknown}
Comestibles
 r - 2 rations


   Skills:
 - Level 1.0 Fighting
 + Level 2.4 Slings
 - Level 2.0 Dodging
 + Level 1.8 Stealth
 - Level 1.0 Spellcasting
 - Level 3.0 Hexes


You had 2 spell levels left.
You knew the following spells:

 Your Spells              Type           Power        Failure   Level  Hunger
a - Corona                Hex            #......      9%          1    ##.....

Your spell library contained the following spells:

 Spells                   Type           Power        Failure   Level  Hunger
 Slow                     Hex            #.......     12%         2    ###....
 Inner Flame              Hex/Fire       #.......     41%         3    ####...
 Portal Projectile        Hex/Tloc       #.....       41%         3    ####...
 Cause Fear               Hex            #.........   63%         4    #####..
 Leda's Liquefaction      Hex/Erth       #.........   83%         4    #####..


Dungeon Overview and Level Annotations

Branches:
Dungeon (1/15)

Altars:


Innate Abilities, Weirdness & Mutations

You cannot wear most types of armour.
You are very stealthy in the water. (Stealth+)
You are amphibious.
You can wear up to eight rings at the same time.
You can use your tentacles to constrict eight enemies at once.
Your skin changes colour to match your surroundings (Stealth+).
Your rubbery body absorbs attacks. (AC +1, EV +1)


Message History

It was a potion of flight.
You feel very buoyant.
You fly up into the air.
You feel sick.
It was a potion of degeneration.
There was something very wrong with that liquid.
You feel weakened.
You feel dopey.
You feel clumsy.
You feel sick.
You feel sick.
* * * LOW HITPOINT WARNING * * *
You feel sick.
* * * LOW HITPOINT WARNING * * *
You feel sick.
* * * LOW HITPOINT WARNING * * *
You feel sick.
A hobgoblin comes into view. It is wielding a +0 club.
* * * LOW HITPOINT WARNING * * *
You feel sick.
* * * LOW HITPOINT WARNING * * *
You feel sick.
You die...

#(. #.#.####
#.#g...# #(#
##.#
#.#.##.#
#(#.##.#
#(..##.#
#(####.#####
#....@.?(..#
#..#########
#..# #†.#
#..# #..#
#.... #...##
#.#.#


There were no monsters in sight!

Vanquished Creatures
  An adder (D:2)
  A goblin (D:2)
  A bat (D:2)
  2 frilled lizards (D:1)
  A rat (D:1)
6 creatures vanquished.

Notes
Turn   | Place    | Note
-------+----------+-------------------------------------------
     0 | D:1      | emikaela the Octopode Arcane Marksman began the quest for
                  | the Orb.
     0 | D:1      | Reached XP level 1. HP: 13/13 MP: 2/2
   173 | D:1      | You fall into a shaft and drop 1 floor!
   194 | D:2      | Reached skill level 1 in Stealth
   194 | D:2      | Reached XP level 2. HP: 9/18 MP: 0/3
   210 | D:2      | Succumbed to an adder's poison

Illustrated notes

Levels and vault maps discovered:
D:1:      mainiacjoe_arrival_reflecting_pool, layout_rooms, chequers_big_river
D:2:      layout_basic, kennysheep_generic_room_15, uniq_crazy_yiuf_cottage,
          uniq_terence

Skill      XL: |  1 |
---------------+----+-----
Stealth        | 1 |  1.8
Fighting       | |  1.0
Slings         | |  2.4
Dodging        | |  2.0
Spellcasting   | |  1.0
Hexes          | |  3.0

Action                   || total
-------------------------++-------
 Fire: Hunting sling     ||    16
 Cast: Corona            ||     2
  Use: Potion            ||     2
Armor: Skin              ||     1
Dodge: Dodged            ||     1
